 Dungeon Crawl Stone Soup version 0.19.0 (webtiles) character file.

2394 PrincessPwny the Basher (level 9, -5/94 HPs)
             Began as a Human Berserker on Nov 12, 2016.
             Was an Elder of Trog.
             Slain by a swamp worm (11 damage)
             ... on level 8 of the Dungeon.
             The game lasted 00:19:03 (7967 turns).

PrincessPwny the Basher (Human Berserker)           Turns: 7967, Time: 00:19:04

Health: -5/94      AC:  7    Str: 26    XL:     9   Next: 74%
Magic:  18/18      EV: 14    Int:  7    God:    Trog [****..]
Gold:   289        SH:  0    Dex: 13    Spells: 0 memorised, 8 levels left

rFire  . . .     SeeInvis .     y - +1 mace (drain)
rCold  + + +     Gourm    .     H - +4 skin of Zhor {rC+++}
rNeg   . . .     Faith    .     (no shield)
rPois  +         Spirit   .     (no helmet)
rElec  .         Reflect  .     (no cloak)
rCorr  .         Harm     .     (no gloves)
MR     .....                    F - +0 pair of boots
Stlth  ..........               (no amulet)
                                x - ring of poison resistance
                                z - ring of magical power

@: berserking (expiring), very quick
A: no striking features
a: Berserk, Trog's Hand, Brothers in Arms, Burn Spellbooks, Renounce Religion


You were on level 8 of the Dungeon.
You worshipped Trog.
Trog was greatly pleased with you.
You were hungry.

You visited 1 branch of the dungeon, and saw 8 of its levels.

You collected 289 gold pieces.

Inventory:

Hand Weapons
 b - a +0 mace
 y - a +1 mace of draining (weapon)
Armour
 a - a cursed +0 chain mail
 j - +0 steam dragon scales
 F - a +0 pair of boots (worn)
 H - the +4 skin of Zhor (worn) {rC+++}
   (You found it on level 7 of the Dungeon)

   It renders you almost immune to cold.
Jewellery
 x - a ring of poison resistance (right hand)
 z - a ring of magical power (left hand)
Wands
 v - a wand of slowing (26/48)
 w - a wand of teleportation (4/9)
Scrolls
 r - 3 scrolls of recharging
 t - 4 scrolls of teleportation
 C - 4 scrolls of remove curse {@r2}
 D - a scroll of magic mapping
 E - 2 scrolls of identify {@r1}
Potions
 e - a potion of mutation {unknown}
 f - a potion of ambrosia {unknown}
 g - 2 potions of agility
 i - a potion of degeneration
 k - 5 potions of haste
 l - 2 potions of lignification {unknown}
 m - 2 potions of heal wounds
 o - a potion of curing {unknown}
 p - 2 potions of invisibility
 q - a potion of flight
 s - a potion of might
 A - 2 potions of brilliance
Comestibles
 c - 4 bread rations
 d - 4 chunks of flesh
 h - 2 meat rations
 n - a slice of pizza
 u - 6 fruits


   Skills:
 - Level 3.0 Fighting
 * Level 11.7 Maces & Flails
 - Level 2.0 Armour
 + Level 4.9 Dodging


You had 8 spell levels left.
You didn't know any spells.

Dungeon Overview and Level Annotations

Branches:
Dungeon (8/15)             Temple (0/1) D:7
   Lair: D:8-11

Altars:
Ashenzari
Cheibriados
Elyvilon
Okawaru
Yredelemnul


Message History

Some of the chunks of flesh in your inventory have rotted away.
You see here a swamp worm corpse.
You butcher the swamp worm corpse.
You feel a strong urge to attack something.
The swamp worm bites you!
* * * LOW HITPOINT WARNING * * *
You see here 2 chunks of flesh.
Your unstable footing causes you to fumble your attack.
You barely miss the swamp worm. The swamp worm bites you!
* * * LOW HITPOINT WARNING * * *
Your unstable footing causes you to fumble your attack.
The swamp worm misses you.
Your unstable footing causes you to fumble your attack.
The swamp worm barely misses you.
You barely miss the swamp worm. The swamp worm barely misses you.
Your unstable footing causes you to fumble your attack.
You hit the swamp worm.
The swamp worm is lightly wounded.
The swamp worm bites you!
You die...

.............##..#
#.............##...
#.............'....
#.............##.##
≈≈≈...........##.##
≈≈≈≈.#.##........#
#######≈≈≈..####...#.##
##≈≈≈≈≈#P≈≈..# #......##
#%≈≈≈≈w@≈≈≈#.###......#.
##≈≈≈≈≈#P≈≈.........#.#.
#######≈≈≈..######.....
≈≈≈≈≈≈≈..>...# #.#.#.
≈≈≈≈≈######### #.#...
...... ####.#.## ######
#....#.## #.####.## #.#
#...


You could see a swamp worm.

Vanquished Creatures
  An ugly thing (D:7)
  A wyvern (D:8)
  Menkaure (D:7)
  A steam dragon (D:6)
  A swamp worm (D:8)
  A phantom (D:8)
  An ogre (D:8)
  2 centaurs (D:8)
  2 bullfrogs (D:6)
  2 scorpions
  2 centaur zombies
  A crimson imp (D:6)
  4 orc priests
  5 hounds
  7 orc wizards
  Jessica (D:2)
  A bullfrog skeleton (D:5)
  An iguana (D:7)
  A worker ant zombie (D:6)
  4 gnolls (D:6)
  9 adders
  A shadow imp (D:5)
  An adder zombie (D:7)
  3 adder skeletons
  13 worms
  3 dart slugs (D:2)
  4 leopard geckos
  17 orcs
  6 giant cockroaches
  6 goblins
  2 hobgoblins
  8 jackals (D:5)
  4 quokkas
  2 ball pythons
  8 bats
  4 frilled lizards
  A jackal skeleton (D:7)
  6 kobolds
  2 quokka skeletons (D:5)
  5 rats
145 creatures vanquished.

Vanquished Creatures (others)
  A bush (D:6)
  6 plants
7 creatures vanquished.

Grand Total: 152 creatures vanquished

Notes
Turn   | Place    | Note
-------+----------+-------------------------------------------
     0 | D:1      | PrincessPwny the Human Berserker began the quest for the Orb.
     0 | D:1      | Reached XP level 1. HP: 18/18 MP: 1/1
   286 | D:1      | Reached XP level 2. HP: 20/24 MP: 2/2
  1272 | D:2      | Noticed Jessica
  1275 | D:2      | Killed Jessica
  1275 | D:2      | Reached skill level 4 in Maces & Flails
  1275 | D:2      | Reached XP level 3. HP: 29/29 MP: 3/3
  1332 | D:2      | Reached XP level 4. HP: 35/35 MP: 4/4
  1421 | D:2      | Reached ** piety under Trog
  1557 | D:2      | Found an iron altar of Okawaru.
  1780 | D:2      | Reached skill level 5 in Maces & Flails
  2378 | D:3      | Reached XP level 5. HP: 41/41 MP: 5/5
  2422 | D:3      | Reached skill level 6 in Maces & Flails
  2640 | D:3      | Reached XP level 6. HP: 46/47 MP: 6/6
  3163 | D:3      | Reached *** piety under Trog
  3912 | D:4      | Reached skill level 7 in Maces & Flails
  4154 | D:4      | Reached XP level 7. HP: 28/52 MP: 7/7
  4469 | D:5      | Entered Level 5 of the Dungeon
  4738 | D:5      | Reached skill level 8 in Maces & Flails
  4811 | D:5      | Found a basalt altar of Yredelemnul.
  4883 | D:5      | Reached **** piety under Trog
  5188 | D:5      | Found a white marble altar of Elyvilon.
  5219 | D:5      | Found a shattered altar of Ashenzari.
  5223 | D:5      | Saw a vision of the Swamp and the Snake Pit.
  5223 | D:5      | Noticed a naga
  5223 | D:5      | Noticed a naga mage
  5223 | D:5      | Noticed a water moccasin
  5223 | D:5      | Noticed a naga
  5223 | D:5      | Noticed a naga sharpshooter
  5223 | D:5      | Noticed a naga sharpshooter
  5223 | D:5      | Noticed an alligator
  5223 | D:5      | Noticed an alligator
  5224 | D:5      | Noticed an anaconda
  5224 | D:5      | Noticed a shock serpent
  5224 | D:5      | Noticed a guardian serpent
  5225 | D:5      | Noticed a naga sharpshooter
  5642 | D:6      | Reached skill level 9 in Maces & Flails
  5642 | D:6      | Reached XP level 8. HP: 56/58 MP: 8/8
  6463 | D:7      | Reached skill level 10 in Maces & Flails
  6611 | D:7      | Found a staircase to the Ecumenical Temple.
  6662 | D:7      | Noticed a green ugly thing
  6669 | D:7      | Killed a green ugly thing
  6669 | D:7      | Reached XP level 9. HP: 63/63 MP: 9/9
  6893 | D:7      | Noticed Menkaure
  6900 | D:7      | Killed Menkaure
  6984 | D:8      | Reached skill level 11 in Maces & Flails
  7821 | D:8      | Found a snail-covered altar of Cheibriados.
  7967 | D:8      | Slain by a swamp worm

Skill      XL: |  1  2  3  4  5  6  7  8  9 |
---------------+----------------------------+-----
Maces & Flails | 4 5 6 7 9 10 11 | 11.7
Dodging        | 3 4 |  4.9
Fighting       | |  3.0
Armour         | |  2.0

Action                   |  1- 3 |  4- 6 |  7- 9 || total
-------------------------+-------+-------+-------++-------
Melee: Mace              |    84 |   168 |   292 ||   544
Invok: Berserk           |     1 |     2 |    10 ||    13
       Burn Spellbooks   |       |     1 |       ||     1
  Use: Scroll            |     4 |     7 |     6 ||    17
 Stab: Sleeping          |       |     1 |       ||     1
  Eat: Chunk             |     2 |    11 |    17 ||    30
       Bread ration      |       |       |     1 ||     1
Armor: Leather armour    |    21 |    32 |    32 ||    85
       Steam dragon scal |       |       |    16 ||    16
       Animal skin       |       |       |    13 ||    13
Dodge: Dodged            |    74 |   104 |   155 ||   333
